 Dungeon Crawl Stone Soup version 0.29.0-4-gdea44cf6ec (webtiles) character file.

Game seed: 3791424868049807986

371 qw the Chopper (level 6, -1/35 HPs)
             Began as a Tengu Warper on Aug 28, 2022.
             Slain by a gnoll sergeant
             ... wielding a +0 spear
              (7 damage)
             ... on level 5 of the Dungeon.
             The game lasted 00:00:25 (4525 turns).

qw the Chopper (Tengu Warper)                       Turns: 4525, Time: 00:00:26

Health: -1/35      AC: 15    Str: 13    XL:     6   Next: 71%
Magic:  10/10      EV:  5    Int: 13    God:
Gold:   325        SH:  0    Dex: 14    Spells: 9/9 levels left

rFire   . . .      SeeInvis .   Y - +0 war axe
rCold   . . .      Faith    .   (no shield)
rNeg    . . .      Spirit   .   j - +0 plate armour
rPois   .          Reflect  .   (helmet restricted)
rElec   .          Harm     .   (no cloak)
rCorr   +          Rampage  .   (no gloves)
Will    .....                   (boots unavailable)
Stlth   ..........              (no amulet)
HPRegen 0.11/turn               g - +4 ring of protection
MPRegen 0.12/turn               m - ring of resist corrosion

@: flying quickly and evasively, quick
A: beak, talons 3, nimble flight
a: no special abilities


You were on level 5 of the Dungeon.
You visited 2 branches of the dungeon, and saw 6 of its levels.

You collected 363 gold pieces.
You spent 38 gold pieces at shops.


Innate Abilities, Weirdness & Mutations

You have a beak for a mouth.
You have claws for feet.
Your magical nature lets you fly swiftly and evasively.


   Skills:
 + Level 2.0 Fighting
 - Level 7.0 Axes
 - Level 1.0 Throwing
 - Level 3.0 Armour
 - Level 2.1 Dodging
 - Level 2.0 Spellcasting
 - Level 2.4 Translocations


You had 9 spell levels left.
You didn't know any spells.
Your spell library contained the following spells:

 Spells                   Type           Power      Damage    Failure   Level
 Blink                    Tloc           14%        N/A       100%        2
 Gell's Gravitas          Tloc           7%         N/A       100%        3
 Lesser Beckoning         Tloc           7%         N/A       100%        3
 Teleport Other           Tloc           7%         N/A       100%        3
 Manifold Assault         Tloc           7%         N/A       100%        5

Inventory:

Hand Weapons
 b - a +0 flail
 Y - a +0 war axe (weapon)
Armour
 j - a +0 plate armour (worn)
Jewellery
 g - a +4 ring of protection (left hand)
 m - a ring of resist corrosion (right hand)
Scrolls
 h - a scroll of identify
Potions
 a - a potion of degeneration {unknown}
 c - a potion of invisibility {unknown}
 d - 2 potions of might {unknown}
 e - a potion of curing {unknown}
 n - a potion of heal wounds {unknown}

Dungeon Overview and Level Annotations

Branches:
Dungeon (5/15)             Temple (1/1) D:4

Altars:
Ashenzari
Dithmenos
Fedhas
Gozag
Hepliaklqana
Qazlal
Sif Muna
Trog
Vehumet
Wu Jian
Xom
Yredelemnul
Zin

Shops:
D:2 (   D:4 *


Message History

The gnoll hits you but does no damage.
The gnoll sergeant hits you from afar with a +0 spear.
You hit the gnoll.
You kill the gnoll!
You barely miss the gnoll. You hit the gnoll but do no damage.
The gnoll hits you from afar with a +0 halberd.
The gnoll hits you but does no damage.
The gnoll sergeant hits you but does no damage.
The gnoll hits you with a +0 club.
You slash the gnoll!
You kill the gnoll!
You slash the gnoll! The gnoll hits you with a +0 club.
The gnoll sergeant hits you but does no damage.
The gnoll hits you but does no damage.
You barely miss the gnoll. You claw the gnoll, but do no damage.
You peck the gnoll.
The gnoll is almost dead.
The gnoll hits you but does no damage.
The gnoll sergeant hits you from afar with a +0 spear.
The gnoll hits you but does no damage.
You hit the gnoll. Your peck misses the gnoll.
The gnoll is almost dead.
The gnoll hits you but does no damage. The gnoll closely misses you.
The gnoll sergeant barely misses you. The gnoll hits you but does no damage.
The gnoll sergeant hits you but does no damage.
The gnoll hits you but does no damage.
You hit the gnoll.
You kill the gnoll!
The gnoll sergeant hits you from afar with a +0 spear.
The gnoll hits you but does no damage.
Your Armour skill increases to level 3!
The gnoll sergeant hits you with a +0 spear.
The gnoll hits you with a +0 halberd.
You hit the gnoll sergeant but do no damage.
You peck the gnoll sergeant.
The gnoll sergeant is lightly wounded.
You barely miss the gnoll.
The gnoll sergeant hits you with a +0 spear!
You die...

.###.###....# .#
####.###....#...........
###.....................
#.......)...............
#.....).....#..#......##
#....######.#..#........
#....######.#..#...#....
...............)).......
.....######.....@g......
...............).g......
....###.................
..............###..#####
.............####..#
........###......?..#
....................+
........###.........#
......... #........


You could see a gnoll sergeant and a gnoll.

Vanquished Creatures
  A necrophage (D:4)
  A howler monkey (D:4)
  A hound (D:3)
  Natasha (twice) (D:2)
  Robin (D:2)
  5 gnolls (D:5)
  5 adders
  5 worms
  A dart slug (D:2)
  An orc (D:4)
  7 ball pythons
  6 bats
  4 endoplasms
  7 giant cockroaches
  10 goblins
  7 hobgoblins
  4 jackals (D:5)
  4 kobolds
  4 quokkas
  A frilled lizard (D:2)
  2 rats
79 creatures vanquished.

Vanquished Creatures (others)
  4 fungi
  6 toadstools (D:3)
10 creatures vanquished.

Grand Total: 89 creatures vanquished

Notes
Turn   | Place    | Note
-------+----------+-------------------------------------------
     0 | D:1      | qw the Tengu Warper began the quest for the Orb.
     0 | D:1      | Reached XP level 1. HP: 12/12 MP: 4/4
     0 | D:1      | 0 ||| qw: Version: 0.1-a-89-g26bdef1
     0 | D:1      | 0 ||| qw: Game counter: 1997
     0 | D:1      | 0 ||| qw: Always use a shield: true
     0 | D:1      | 0 ||| qw: God list: Okawaru
     0 | D:1      | 0 ||| qw: Allow faded altars: false
     0 | D:1      | 0 ||| qw: Do Orc after D:15 true
     0 | D:1      | 0 ||| qw: Do second Lair branch before Depths: true
     0 | D:1      | 0 ||| qw: Lair rune preference: random
     0 | D:1      | 0 ||| qw: Plans: Normal
     0 | D:1      | 0 ||| PLANNING D:1-11
   210 | D:1      | 210 ||| Stepping ~*~*~tactically~*~*~ (stealth).
   215 | D:1      | 215 ||| Stepping ~*~*~tactically~*~*~ (stealth).
   217 | D:1      | 217 ||| Stepping ~*~*~tactically~*~*~ (stealth).
   422 | D:1      | Reached skill level 3 in Axes
   422 | D:1      | Reached XP level 2. HP: 11/17 MP: 6/6
   852 | D:1      | 852 ||| DROPPING +0 club.
   978 | D:1      | 978 ||| UPGRADING to +0 ring mail.
   988 | D:1      | 988 ||| DROPPING +0 leather armour.
   989 | D:1      | 989 ||| UPGRADING to +4 ring of protection.
   990 | D:1      | 990 ||| DROPPING scroll of blinking.
  1053 | D:2      | Found Vaomairr's Weapon Shoppe.
  1057 | D:2      | 1057 ||| BUYING +0 war axe (38 gold).
  1057 | D:2      | Bought a +0 war axe for 38 gold pieces
  1057 | D:2      | 1057 ||| SWAPPING to +0 war axe.
  1058 | D:2      | 1058 ||| DROPPING +0 hand axe.
  1097 | D:2      | 1097 ||| Stepping ~*~*~tactically~*~*~ (stealth).
  1151 | D:2      | 1151 ||| Stepping ~*~*~tactically~*~*~ (stealth).
  1153 | D:2      | 1153 ||| Stepping ~*~*~tactically~*~*~ (stealth).
  1155 | D:2      | 1155 ||| Stepping ~*~*~tactically~*~*~ (stealth).
  1158 | D:2      | Reached XP level 3. HP: 21/21 MP: 7/7
  1159 | D:2      | Noticed Robin
  1167 | D:2      | Reached skill level 4 in Axes
  1169 | D:2      | Killed Robin
  1186 | D:2      | 1186 ||| Stepping ~*~*~tactically~*~*~ (stealth).
  1188 | D:2      | 1188 ||| Stepping ~*~*~tactically~*~*~ (stealth).
  1189 | D:2      | 1189 ||| Stepping ~*~*~tactically~*~*~ (stealth).
  1212 | D:2      | 1212 ||| Stepping ~*~*~tactically~*~*~ (stealth).
  1299 | D:2      | Reached XP level 4. HP: 26/26 MP: 8/8
  1362 | D:2      | You fall into a shaft and drop 1 floor!
  1424 | D:2      | 1424 ||| Stepping ~*~*~tactically~*~*~ (stealth).
  1425 | D:2      | 1425 ||| Stepping ~*~*~tactically~*~*~ (stealth).
  1539 | D:2      | 1539 ||| Stepping ~*~*~tactically~*~*~ (stealth).
  1628 | D:2      | Noticed Natasha
  1629 | D:2      | 1629 ||| Stepping ~*~*~tactically~*~*~ (hiding).
  1640 | D:2      | Killed Natasha
  1641 | D:2      | Reached skill level 5 in Axes
  1831 | D:2      | 1831 ||| Stepping ~*~*~tactically~*~*~ (hiding).
  1832 | D:2      | 1832 ||| Stepping ~*~*~tactically~*~*~ (hiding).
  1985 | D:2      | Noticed Natasha
  1986 | D:2      | 1986 ||| Stepping ~*~*~tactically~*~*~ (hiding).
  1991 | D:2      | Killed Natasha
  1992 | D:2      | Gained mutation: Your magical nature lets you fly swiftly
                  | and evasively. [Tengu growth]
  1992 | D:2      | Reached XP level 5. HP: 30/30 MP: 9/9
  2328 | D:3      | Reached skill level 6 in Axes
  2343 | D:3      | 2343 ||| Stepping ~*~*~tactically~*~*~ (stealth).
  2359 | D:3      | 2359 ||| Stepping ~*~*~tactically~*~*~ (stealth).
  2576 | D:3      | Found a glowing silver altar of Zin.
  2577 | D:3      | Found an opulent altar of Gozag.
  2878 | D:3      | 2878 ||| UPGRADING to +0 plate armour.
  2888 | D:3      | 2888 ||| DROPPING +0 ring mail.
  2889 | D:3      | 2889 ||| UPGRADING to ring of resist corrosion.
  2890 | D:3      | 2890 ||| READING scroll labelled LOLI ELAESMIJI.
  2891 | D:3      | 2891 ||| READING scroll labelled FASETW YS UTOR.
  2892 | D:3      | 2892 ||| READING scroll labelled YRYHIE XIMOOJO.
  2893 | D:3      | 2893 ||| DRINKING 2 clear potions.
  2933 | D:3      | 2933 ||| DROPPING potion of lignification.
  3005 | D:4      | 3005 ||| DROPPING +1 whip of draining.
  3100 | D:4      | Found a staircase to the Ecumenical Temple.
  3101 | D:4      | 3101 ||| PLANNING TEMPLE
  3116 | Temple   | Entered the Ecumenical Temple
  3379 | Temple   | 3379 ||| PLANNING D:1-11
  3587 | D:4      | Reached XP level 6. HP: 30/35 MP: 10/10
  3783 | D:4      | 3783 ||| Stepping ~*~*~tactically~*~*~ (stealth).
  3784 | D:4      | 3784 ||| Stepping ~*~*~tactically~*~*~ (stealth).
  3870 | D:4      | Found a stormy altar of Qazlal.
  3870 | D:4      | Found a basalt altar of Yredelemnul.
  3976 | D:4      | Found Unusadiv's Overcharged Wands.
  3985 | D:4      | 3985 ||| SHOPLISTING wand of digging (11) (693 gold, have
                  | 304).
  4213 | D:4      | 4213 ||| READING 3 scrolls labelled SUIKARH ODWI.
  4214 | D:4      | 4214 ||| DROPPING 2 scrolls of summoning.
  4232 | D:5      | Entered Level 5 of the Dungeon
  4326 | D:5      | 4326 ||| FLEEEEING.
  4334 | D:5      | 4334 ||| STAIRDANCE
  4397 | D:5      | 4397 ||| Stepping ~*~*~tactically~*~*~ (stealth).
  4400 | D:5      | 4400 ||| Stepping ~*~*~tactically~*~*~ (stealth).
  4402 | D:5      | 4402 ||| Stepping ~*~*~tactically~*~*~ (stealth).
  4426 | D:5      | 4426 ||| Stepping ~*~*~tactically~*~*~ (hiding).
  4427 | D:5      | 4427 ||| Stepping ~*~*~tactically~*~*~ (hiding).
  4428 | D:5      | 4428 ||| Stepping ~*~*~tactically~*~*~ (hiding).
  4429 | D:5      | 4429 ||| Stepping ~*~*~tactically~*~*~ (hiding).
  4438 | D:5      | Reached skill level 7 in Axes
  4524 | D:5      | Reached skill level 3 in Armour
  4524 | D:5      | HP: 7/35 [gnoll sergeant/+0 spear (2)]
  4525 | D:5      | Slain by a gnoll sergeant

Levels and vault maps discovered:
D:1:      lightli_arrival_lavapool, layout_loops_ring, grunt_decor_arrowhead,
          serial_park_tiny_1
D:2:      layout_basic, serial_shops, shop, minmay_split_cup_large,
          uniq_natasha, uniq_robin
D:3:      layout_basic, grunt_temple_overflow_gold_and_silver,
          minmay_gold_behind_fungi, kennysheep_boxes
D:4:      layout_basic, grunt_temple_overflow_open, minmay_temple_entry_statues,
          hangedman_decor_push, nicolae_shop_overcharged_wands,
          uniq_crazy_yiuf_cottage
D:5:      layout_basic, serial_bayou_lagoon_a, chequers_serial_rivers_room_b,
          uniq_menkaure
Temple:   compressed_dpeg_triangle_lava_temple

Skill      XL: |  1  2  3  4  5  6 |
---------------+-------------------+-----
Axes           | 3 4 5 6 7 |  7.0
Armour         | 2 3 |  3.0
Fighting       | |  2.0
Throwing       | |  1.0
Dodging        | |  2.1
Spellcasting   | |  2.0
Translocations | |  2.4

Action                   |  1- 3 |  4- 6 || total
-------------------------+-------+-------++-------
Melee: Hand axe          |    30 |       ||    30
       Peck              |     8 |    19 ||    27
       Kick              |    21 |    33 ||    54
       War axe           |    40 |   123 ||   163
       Punch             |       |     1 ||     1
Throw: Boomerang         |     7 |       ||     7
  Use: Scroll            |       |     4 ||     4
       Potion            |       |     1 ||     1
Armor: Leather armour    |     1 |       ||     1
       Ring mail         |    19 |    18 ||    37
       Plate armour      |       |    49 ||    49
Dodge: Dodged            |    41 |    42 ||    83

Table legend:
 A = Non-vault XP
 B = Vault XP
 C = Vault XP percentage of total XP
 D = Non-vault monster count
 E = Vault monster count
 F = Vault count percentage of total count
                 A         B        C        D         E       F
            +---------+---------+-------+---------+---------+-------
      Total |     449 |      82 |  15.4 |      63 |      16 |  20.3
            +---------+---------+-------+---------+---------+-------
        D:1 |      20 |       0 |   0.0 |      12 |       0 |   0.0
        D:2 |      76 |      82 |  51.9 |      16 |      16 |  50.0
        D:3 |      75 |       0 |   0.0 |      12 |       0 |   0.0
        D:4 |     187 |       0 |   0.0 |      13 |       0 |   0.0
        D:5 |      91 |       0 |   0.0 |      10 |       0 |   0.0
            +---------+---------+-------+---------+---------+-------
